 Dungeon Crawl Stone Soup version 0.20.2-3-g29329e0561 (webtiles) character file.

4 RedRedRas the Skirmisher (level 1, 0/18 HPs)
             Began as a Formicid Abyssal Knight on Dec 22, 2023.
             Was a Follower of Lugonu.
             Killed from afar by a dart slug (5 damage)
             ... with a slug dart
             ... on level 1 of the Dungeon.
             The game lasted 00:01:35 (61 turns).

RedRedRas the Skirmisher (Formicid Abyssal Knight)    Turns: 61, Time: 00:01:36

Health: 0/18       AC:  3    Str: 16    XL:     1   Next: 66%
Magic:  2/2        EV: 11    Int: 11    God:    Lugonu [*.....]
Gold:   0          SH:  0    Dex: 10    Spells: 0/0 levels left

rFire    . . .     SeeInvis +   a - +1 mace
rCold    . . .     Gourm    .   (no shield)
rNeg     . . .     Faith    .   b - +0 leather armour
rPois    .         Spirit   .   (helmet unavailable)
rElec    .         Reflect  .   (no cloak)
rCorr    .         Harm     .   (no gloves)
MR       .....                  (no boots)
Stlth    +.........             (no amulet)
Regen    0.1/turn               (no ring)
MPRegen  0.1/turn               (no ring)

@: no status effects
A: permanent stasis, dig shafts and tunnels, four strong arms, antennae 3
a: Dig, Shaft Self, Depart the Abyss, Renounce Religion


You were on level 1 of the Dungeon.
You worshipped Lugonu.
Lugonu was aware of your devotion.
You were not hungry.

You visited 1 branch of the dungeon, and saw 1 of its levels.
You visited the Abyss 1 time.

Inventory:

Hand Weapons
 a - a +1 mace (weapon)
Missiles
 d - 11 stones (quivered)
Armour
 b - a +0 leather armour (worn)
Comestibles
 c - a bread ration


   Skills:
 + Level 3.2 Fighting
 * Level 2.2 Maces & Flails
 + Level 2.2 Armour
 + Level 0.8 Dodging
 + Level 2.2 Invocations


You couldn't memorise any spells.
You didn't know any spells.

Dungeon Overview and Level Annotations

Branches:
Dungeon (1/15)

Altars:


Innate Abilities, Weirdness & Mutations

You cannot be hasted, slowed, berserked, paralysed or teleported.
You can dig through walls and to a lower floor.
Your four strong arms can wield two-handed weapons with a shield.
You have a pair of large antennae on your head. (SInv)


Message History

There is a large open door here.
You open the large door.
There is a large open door here.
You open the large door.
There is a large open door here.
A ball python comes into view.
The ball python hisses angrily.
Found a stone staircase leading down.
You hit the ball python.
The ball python is severely wounded.
The ball python bites you but does no damage.
The ball python barely misses you.
You thump the ball python!
You kill the ball python!
Lugonu accepts your kill.
You see here a ball python corpse.
Found 15 stones.
Found 14 gold pieces.
You see here 15 stones.
d - 15 stones A hobgoblin comes into view.
It is wielding a club.
The hobgoblin shouts!
Found a lumpy coppery potion.
A ball python comes into view.
Firing (i - inventory): No suitable missiles.
Press: ? - help, Shift-Dir - straight line, f - hobgoblin
Aim: a hobgoblin, wielding a club
Okay, then.
Quiver which item? (- for none, * to show all) (? for menu, Esc to quit)
Quivering
d - 15 stones for throwing.
Unknown command.
Throwing (i - inventory):
d - 15 stones (quivered)
Press: ? - help, Shift-Dir - straight line, f/p - hobgoblin
Aim: a hobgoblin, wielding a club You throw a stone.
The stone closely misses the hobgoblin.
Throwing (i - inventory):
d - 14 stones (quivered)
Press: ? - help, Shift-Dir - straight line, f/p - hobgoblin
Aim: a hobgoblin, wielding a club You throw a stone.
The ball python hisses angrily.
The stone hits the hobgoblin but does no damage.
Throwing (i - inventory):
d - 13 stones (quivered)
Press: ? - help, Shift-Dir - straight line, f/p - hobgoblin
Aim: a hobgoblin, wielding a club You throw a stone.
The stone hits the hobgoblin but does no damage.
A leopard gecko comes into view.
Throwing (i - inventory):
d - 12 stones (quivered)
Press: ? - help, Shift-Dir - straight line, f/p - hobgoblin
Aim: a hobgoblin, wielding a club You throw a stone.
The stone barely misses the hobgoblin.
The leopard gecko hisses angrily.
You barely miss the hobgoblin.
The hobgoblin hits you but does no damage. x2
A rat comes into view.
You hit the hobgoblin.
The hobgoblin is severely wounded.
The rat moves out of view.
The hobgoblin hits you with a club.
You closely miss the hobgoblin.
The hobgoblin is severely wounded.
The hobgoblin hits you with a club.
You hit the hobgoblin but do no damage.
The hobgoblin is severely wounded.
The hobgoblin barely misses you.
You sock the hobgoblin!
You kill the hobgoblin!
Lugonu accepts your kill.
The leopard gecko completely misses you.
You closely miss the leopard gecko. The leopard gecko barely misses you.
You completely miss the leopard gecko. The leopard gecko barely misses you.
The leopard gecko closely misses you.
You barely miss the leopard gecko. The leopard gecko misses you.
The leopard gecko bites you.
You barely miss the leopard gecko. The leopard gecko bites you.
You hit the leopard gecko.
The leopard gecko is lightly wounded.
The leopard gecko bites you.
The leopard gecko bites you but does no damage.
You thump the leopard gecko!
You kill the leopard gecko!
Lugonu accepts your kill. The ball python barely misses you.
The ball python closely misses you.
You closely miss the ball python. The ball python closely misses you.
The ball python barely misses you.
You barely miss the ball python. The ball python barely misses you.
The ball python grabs you.
* * * LOW HITPOINT WARNING * * *
The ball python constricts you.
The ball python bites you but does no damage.
* * * LOW HITPOINT WARNING * * *
The ball python constricts you.
You extend your mandibles.
You escape the ball python's grasp.
You dig through the rock wall.
You dig through the rock wall.
You dig through the rock wall.
The ball python barely misses you. x2
You retract your mandibles.
A dart slug comes into view.
The dart slug launches a dart at you. The slug dart hits you!
You die...

#.. #.# ###### #.##
#....# #..###.≈≈.###
#### ###.†'.'.≈≈.'.#
.... ##.r..'.'.≈§.'<#
####..#.##.####.≈§.###
.......S##)####....#
##......@.(...######
#.#....#(##### #
#...##(# #... #># #...
... ..... (..
#.##.###.!. #. #w##


You could see a dart slug and a ball python.

Vanquished Creatures
  A leopard gecko (D:1)
  A hobgoblin (D:1)
  A ball python (D:1)
3 creatures vanquished.

Notes
Turn   | Place    | Note
-------+----------+-------------------------------------------
     0 | Abyss:1  | RedRedRas the Formicid Abyssal Knight began the quest for the Orb.
     0 | Abyss:1  | Reached XP level 1. HP: 18/18 MP: 2/2
    12 | D:1      | Escaped the Abyss
    61 | D:1      | Killed from afar by a dart slug

Action                   || total
-------------------------++-------
Melee: Mace              ||    15
Throw: Stone             ||     4
 Abil: Dig               ||     1
Armor: Leather armour    ||     5
Dodge: Dodged            ||    14
